 Dungeon Crawl Stone Soup version 0.23.2-1-ga50397a (webtiles) character file.

Game seed: 15475899604334040926

17 schauveau the Skirmisher (level 2, -1/19 HPs)
             Began as a Gargoyle Monk on Apr 27, 2019.
             Slain by jazmu's ghost (6 damage)
             ... on level 3 of the Dungeon.
             The game lasted 00:01:58 (686 turns).

schauveau the Skirmisher (Gargoyle Monk)             Turns: 686, Time: 00:01:58

Health: -1/19      AC:  8    Str: 14    XL:     2   Next: 62%
Magic:  2/2        EV: 12    Int: 10    God:
Gold:   36         SH:  0    Dex: 12    Spells: 1/1 levels left

rFire    . . .     SeeInvis .   a - +0 mace
rCold    . . .     Gourm    .   (no shield)
rNeg     + . .     Faith    .   b - +0 robe
rPois    ∞         Spirit   .   (no helmet)
rElec    +         Reflect  .   g - +0 cloak (curse)
rCorr    .         Harm     .   (no gloves)
MR       .....                  f - +2 pair of boots
Stlth    ++........             (no amulet)
HPRegen  0.06/turn              (no ring)
MPRegen  0.08/turn              (no ring)

@: no status effects
A: negative energy resistance 1, electricity resistance, unbreathing,
petrification resistance, rot immunity, AC +2
a: no special abilities


You were on level 3 of the Dungeon.
You were not hungry.

You visited 1 branch of the dungeon, and saw 3 of its levels.

You collected 36 gold pieces.

Inventory:

Hand Weapons
 a - a +0 mace (weapon)
Missiles
 e - 70 stones (quivered)
Armour
 b - a +0 robe (worn)
 f - a +2 pair of boots (worn)
 g - a cursed +0 cloak (worn)
Scrolls
 d - a scroll of teleportation {unknown}
 h - 3 scrolls of identify {unknown}
 i - a scroll of fear {unknown}
Potions
 j - a potion of resistance {unknown}
 k - a potion of might {unknown}
Comestibles
 c - 8 rations


   Skills:
 + Level 3.5 Fighting
 * Level 3.4 Maces & Flails
 + Level 1.0 Armour
 - Level 2.4 Dodging
 - Level 2.1 Stealth


You had one spell level left.
You didn't know any spells.
Your spell library was empty.

Dungeon Overview and Level Annotations

Branches:
Dungeon (3/15)

Altars:
Ashenzari

Annotations:
D:3 jazmu's ghost, amateur FoFi


Innate Abilities, Weirdness & Mutations

You are resistant to torment.
Your stone body is resilient. (AC +2)
You are immune to poison.
You resist negative energy. (rN+)
You are resistant to electric shocks. (rElec)
You can survive without breathing.
You are immune to petrification.
You are immune to rotting.


Message History

You hit jazmu's ghost but do no damage.
Jazmu's ghost is moderately damaged.
Jazmu's ghost hits you but does no damage.
You hit jazmu's ghost.
Jazmu's ghost is heavily damaged.
Jazmu's ghost barely misses you. Jazmu's ghost hits you.
You hit jazmu's ghost.
Jazmu's ghost is severely damaged.
Jazmu's ghost hits you.
* * * LOW HITPOINT WARNING * * *
You hit jazmu's ghost but do no damage.
Jazmu's ghost is severely damaged.
Jazmu's ghost hits you but does no damage.
You closely miss jazmu's ghost.
Jazmu's ghost is severely damaged.
Jazmu's ghost hits you but does no damage.
You hit jazmu's ghost but do no damage.
Jazmu's ghost is heavily damaged.
Jazmu's ghost hits you.
You die...

.. #.(.(...# #.
.. #.....((# #.#
#. #..♣....#
....#.##....(..#
.#..#..#.(....(#
.......###'''###
.......#.......#
.............#.#
...>.##......W@#
... #.......## .
#............
##......#.#.#
#....###.# ..
#...... .# .#
#.###### ## # ..


You could see jazmu's ghost.

Vanquished Creatures
  3 leopard geckos
  A giant cockroach (D:1)
  3 goblins
  2 hobgoblins (D:1)
  2 frilled lizards (D:1)
  A kobold (D:1)
  A rat (D:1)
13 creatures vanquished.

Notes
Turn   | Place    | Note
-------+----------+-------------------------------------------
     0 | D:1      | schauveau the Gargoyle Monk began the quest for the Orb.
     0 | D:1      | Reached XP level 1. HP: 14/14 MP: 1/1
   194 | D:1      | Reached XP level 2. HP: 19/19 MP: 2/2
   386 | D:2      | Found a shattered altar of Ashenzari.
   635 | D:2      | Reached skill level 1 in Armour
   651 | D:3      | Found a runed translucent gate.
   651 | D:3      | Found a runed translucent gate.
   652 | D:3      | Found a runed translucent gate.
   654 | D:3      | Noticed jazmu's ghost (amateur FoFi)
   686 | D:3      | Slain by jazmu's ghost

Skill      XL: |  1  2 |
---------------+-------+-----
Armour         | 1 |  1.0
Fighting       | |  3.5
Maces & Flails | |  3.4
Dodging        | |  2.4
Stealth        | |  2.1

Action                   || total
-------------------------++-------
Melee: Mace              ||    68
Throw: Stone             ||     1
 Stab: Sleeping          ||     1
Armor: Robe              ||    18
Dodge: Dodged            ||    45
